 Dungeon Crawl Stone Soup version 0.26-a0-1176-g060ceda6a5 (webtiles) character file.

Game seed: 2398422914283792669

604 Armakuni the Skirmisher (level 7, -6/58 HPs)
             Began as a Human Monk on Dec 24, 2020.
             Was an Initiate of Gozag.
             Mangled by a cyclops (29 damage)
             ... on level 4 of the Dungeon.
             The game lasted 00:12:23 (4289 turns).

Armakuni the Skirmisher (Human Monk)                Turns: 4289, Time: 00:12:23

Health: -6/58      AC:  4    Str: 13    XL:     7   Next: 70%
Magic:  6/6        EV: 13    Int: 10    God:    Gozag
Gold:   53         SH:  3    Dex: 16    Spells: 6/6 levels left

rFire    + . .     SeeInvis .   a - +4 falchion
rCold    . . .     Faith    .   w - +0 buckler
rNeg     + . .     Spirit   .   j - +2 robe {rN+}
rPois    .         Reflect  .   (no helmet)
rElec    .         Harm     .   (no cloak)
rCorr    .         Rampage  .   (no gloves)
Will     .....                  (no boots)
Stlth    ++........             (no amulet)
HPRegen  0.19/turn              F - ring "Liatasom" {+Fly rF+}
MPRegen  0.10/turn              S - +4 ring of slaying

@: mighty, gold aura, hasted, very quick
A: low mp 1, mutation resistance 1
a: Renounce Religion, Evoke Flight, Potion Petition, Call Merchant, Bribe Branch


You were on level 4 of the Dungeon.
You worshipped Gozag.
Gozag was noncommittal.
You visited 2 branches of the dungeon, and saw 5 of its levels.

You collected 266 gold pieces.
You spent 213 gold pieces at shops.

Inventory:

Hand Weapons
 a - a +4 falchion (weapon)
Missiles
 c - 3 boomerangs of dispersal
 h - 7 boomerangs
 i - 16 poisoned darts (quivered)
Armour
 j - a +2 robe of positive energy (worn)
 w - a +0 buckler (worn)
Jewellery
 F - the ring "Liatasom" (left hand) {+Fly rF+}
   (You found it on level 2 of the Dungeon)

   [ring of protection from fire]

   It protects you from fire.
   It lets you fly.
 S - a +4 ring of slaying (right hand)
Wands
 e - a wand of enslavement (3)
 k - a wand of digging (8)
 r - a wand of iceblast (5)
Scrolls
 l - a scroll of remove curse
 m - a scroll of immolation
 n - a scroll of amnesia
 o - a scroll of noise
 p - 4 scrolls of teleportation
Potions
 d - 2 potions of flight
 f - 2 potions of lignification
 q - a potion of might


   Skills:
 + Level 6.2 Fighting
 + Level 6.2 Long Blades
 - Level 3.0 Dodging
 - Level 2.0 Stealth


You had 6 spell levels left.
You didn't know any spells.
Your spell library was empty.

Dungeon Overview and Level Annotations

Branches:
Dungeon (4/15)             Temple (1/1) D:4

Altars:
Ashenzari
Elyvilon
Gozag
Hepliaklqana
Kikubaaqudgha
Makhleb
Nemelex Xobeh
Sif Muna
Trog
Uskayaw
Vehumet
Wu Jian
Xom
Zin
The Shining One

Shops:
D:4 ?[?


Innate Abilities, Weirdness & Mutations

Your magical capacity is low. (-10% MP)
You are somewhat resistant to further mutation.


Message History

Okay, then.
Unknown command.
Evoke which item? (* to show all) (? for menu, Esc to quit)
Okay, then.
Unknown command.
Okay, then.
Unknown command.
Evoke which item? (* to show all) (? for menu, Esc to quit)
Aiming: Enslavement
Press: ? - help, Shift-Dir - straight line, f - cyclops
Aim: a cyclops, quivering 4 large rocks (chance to affect: 28%)
Okay, then.
Unknown command.
You feel better.
You slash the cyclops!
The cyclops is moderately wounded.
The cyclops hits you!!
Ouch! That really hurt!
You die...
Your body crumbles into a pile of gold.

#############
#...........#
##'#########.#
▓▓▓▓▓▓▓...▓▓▓▓▓▓▓#.###
▓⌠.©.⌠▓...▓⌠...⌠▓#....
▓.....▓...▓.....▓#.###
▓.....▓...▓.$8$.▓#.#..
▓....@▓._.▓.).:.▓#.#.#
▓(.©.C▓§©§▓⌠.©.⌠▓#.#..
▓▓▓▓▓▓▓###▓▓▓▓▓▓▓#.#.#
##############
#####.#..
##.....##.....##
#.(...###
##..............##
#........
#................#
#.....[..
#................#
#........
#................#
#>.......


You could see a cyclops.

Vanquished Creatures
  Sigmund (D:3)
  A bullfrog (D:3)
  A wight (D:4)
  An orc wizard (D:3)
  An orc priest (D:2)
  Natasha (thrice) (D:2)
  A hound skeleton (D:4)
  4 gnolls (D:3)
  7 adders
  2 oozes
  An adder skeleton (D:3)
  2 worms
  4 leopard geckos
  10 orcs
  3 ball pythons
  4 giant cockroaches
  5 hobgoblins
  5 jackals (D:4)
  8 bats
  8 frilled lizards
  2 goblins
  5 kobolds
  6 rats
85 creatures vanquished.

Notes
Turn   | Place    | Note
-------+----------+-------------------------------------------
     0 | D:1      | Armakuni the Human Monk began the quest for the Orb.
     0 | D:1      | Reached XP level 1. HP: 18/18 MP: 1/1
   294 | D:1      | Reached XP level 2. HP: 18/24 MP: 2/2
  1070 | D:2      | Got a transparent steel ring
  1077 | D:2      | Identified the ring "Liatasom" {+Fly rF+} (You found it on
                  | level 2 of the Dungeon)
  1141 | D:2      | Reached XP level 3. HP: 29/29 MP: 3/3
  1245 | D:2      | Reached XP level 4. HP: 11/37 MP: 4/4
  1483 | D:2      | Noticed Natasha
  1518 | D:2      | Killed Natasha
  1680 | D:2      | Noticed Natasha
  1687 | D:2      | Killed Natasha
  1688 | D:2      | Reached XP level 5. HP: 31/43 MP: 5/5
  2204 | D:2      | Noticed Natasha
  2216 | D:2      | Killed Natasha
  2608 | D:3      | Reached XP level 6. HP: 33/50 MP: 6/6
  2651 | D:3      | Reached skill level 5 in Fighting
  2778 | D:3      | Reached skill level 5 in Long Blades
  3257 | D:3      | Noticed Sigmund
  3268 | D:3      | Killed Sigmund
  3269 | D:3      | Reached XP level 7. HP: 40/58 MP: 7/7
  3461 | D:3      | Found a sparkling altar of Nemelex Xobeh.
  3577 | D:4      | Found Kuongez's Magic Scroll Emporium.
  3585 | D:4      | Bought a scroll of enchant weapon for 105 gold pieces
  3609 | D:4      | Found Qurizxid's Antique Armour Boutique.
  3698 | D:4      | Found a staircase to the Ecumenical Temple.
  3720 | Temple   | Entered the Ecumenical Temple
  3822 | Temple   | Became a worshipper of Gozag Ym Sagoz the Greedy
  3958 | D:4      | Bought a buckler for 108 gold pieces
  4248 | D:4      | Found Moenethu's Magic Scroll Boutique.
  4272 | D:4      | Found a sparkling altar of Nemelex Xobeh.
  4272 | D:4      | Found a transporter.
  4272 | D:4      | Noticed a cyclops
  4281 | D:4      | Gained mutation: You have supernaturally acute eyesight.
                  | (SInv) [potion of mutation]
  4281 | D:4      | Gained mutation: Your magical capacity is low. (-10% MP)
                  | [potion of mutation]
  4281 | D:4      | Lost mutation: You have supernaturally acute eyesight.
                  | (SInv) [potion of mutation]
  4281 | D:4      | Gained mutation: You are somewhat resistant to further
                  | mutation. [potion of mutation]
  4289 | D:4      | Mangled by a cyclops

Illustrated notes

Levels and vault maps discovered:
D:1:      heliophobic_arrival_glass_houses, layout_basic
D:2:      cheibrodos_pilgrimage, layout_rooms, hangedman_decor_riveting,
          minivault_5, kennysheep_generic_room_6, uniq_natasha
D:3:      layout_rooms, nemelex_dance_club_becter, uniq_sigmund
D:4:      layout_rooms, minmay_temple_entry_large_hall, serial_shops, shop,
          nicolae_shop_behind_doors, kennysheep_little_box,
          grunt_nemelex_the_gamble
Temple:   regret_index_temple_generic_petals

Skill      XL: |  1  2  3  4  5  6  7 |
---------------+----------------------+-----
Fighting       | 4 6 |  6.2
Long Blades    | 4 5 6 |  6.2
Dodging        | |  3.0
Stealth        | |  2.0

Action                   |  1- 3 |  4- 6 |  7- 9 || total
-------------------------+-------+-------+-------++-------
Melee: Falchion          |    72 |   129 |    32 ||   233
Throw: Dart              |     6 |    17 |       ||    23
  Use: Scroll            |     9 |     5 |     7 ||    21
       Potion            |       |       |     4 ||     4
 Stab: Sleeping          |     1 |     4 |     3 ||     8
Armor: Robe              |    16 |       |     8 ||    24
       Leather armour    |       |    28 |       ||    28
Dodge: Dodged            |    47 |    82 |    29 ||   158
Block: Buckler           |       |       |     3 ||     3
       Rpst.: Falchion   |    12 |    29 |     8 ||    49

Table legend: (Time is in decaauts)
 A = Elapsed time spent in this place.
 B = Non-inter-level travel time spent in this place.
 C = Inter-level travel time spent in this place.
 D = Time resting spent in this place.
 E = Time spent auto-exploring this place.
 F = Levels seen in this place.
 G = Mean time per level.
                   A        B        C        D        E       F      G
               +--------+--------+--------+--------+--------+-----+--------+
         Total |   4304 |   4219 |     85 |   1125 |   2054 |   5 |  860.8 |
       Dungeon |   4100 |   4033 |     67 |   1125 |   1875 |   4 | 1025.0 |
        Temple |    203 |    185 |     18 |      0 |    179 |   1 |  203.0 |
               +--------+--------+--------+--------+--------+-----+--------+

Top non-repeatable levels by time:
     D:2: 1497 daAuts
     D:1: 1087 daAuts
     D:3: 952 daAuts
     D:4: 563 daAuts
  Temple: 203 daAuts
